 Dungeon Crawl Stone Soup version 0.21.0-3-g78d12a8 (webtiles) character file.

11 roguesci the Charmwright (level 2, 0/22 HPs)
             Began as a Demonspawn Skald on Jan 14, 2018.
             Slain by a gnoll
             ... wielding a +0 flail
              (7 damage)
             ... on level 1 of the Dungeon.
             The game lasted 00:01:38 (250 turns).

roguesci the Charmwright (Demonspawn Skald)          Turns: 250, Time: 00:01:39

Health: 0/22       AC:  3    Str: 11    XL:     2   Next: 13%
Magic:  4/5        EV: 12    Int: 14    God:
Gold:   23         SH:  0    Dex: 12    Spells: 4/5 levels left

rFire    . . .     SeeInvis .   a - +0 mace
rCold    . . .     Gourm    .   (no shield)
rNeg     . . .     Faith    .   b - +0 leather armour
rPois    .         Spirit   .   (no helmet)
rElec    .         Reflect  .   (no cloak)
rCorr    .         Harm     .   (no gloves)
MR       .....                  (no boots)
Stlth    ++........             (no amulet)
HPRegen  0.07/turn              (no ring)
MPRegen  0.09/turn              (no ring)

@: very slightly contaminated
A: nightstalker 1
a: no special abilities


You were on level 1 of the Dungeon.
You were not hungry.

You visited 1 branch of the dungeon, and saw 1 of its levels.

You collected 23 gold pieces.

Inventory:

Hand Weapons
 a - a +0 mace (weapon)
Missiles
 g - 28 stones (quivered)
Armour
 b - a +0 leather armour (worn)
Scrolls
 f - a scroll of enchant armour {unknown}
 i - 2 scrolls of identify {unknown}
Potions
 e - a potion of might {unknown}
 h - a potion of magic {unknown}
 k - a potion of berserk rage {unknown}
Books
 c - a book of Battle

   Spells                             Type                      Level
   a - Infusion                       Charms                       1
   b - Shroud of Golubria             Charms/Translocation         2
   c - Song of Slaying                Charms                       2
   d - Spectral Weapon                Hexes/Charms                 3
   e - Regeneration                   Charms/Necromancy            3
Comestibles
 d - a ration
 j - 4 chunks of flesh


   Skills:
 * Level 2.1 Fighting
 + Level 1.9 Maces & Flails
 + Level 1.0 Armour
 * Level 1.9 Dodging
 + Level 0.2 Stealth
 * Level 2.1 Spellcasting
 + Level 2.7 Charms


You had 4 spell levels left.
You knew the following spells:

 Your Spells              Type           Power        Failure   Level  Hunger
a - Infusion              Chrm           #...         10%         1    #......


Dungeon Overview and Level Annotations

Branches:
Dungeon (1/15)

Altars:


Innate Abilities, Weirdness & Mutations

You are slightly more attuned to the shadows.


Message History

The gnoll barely misses you. x2
You hit the gnoll but do no damage.
The gnoll is almost dead.
The gnoll closely misses you.
You hit the gnoll but do no damage.
The gnoll is almost dead.
The gnoll hits you but does no damage.
You hit the gnoll but do no damage.
The gnoll is almost dead.
The gnoll misses you.
You hit the gnoll but do no damage.
The gnoll is almost dead.
The gnoll hits you with a flail!
You are too injured to fight recklessly!
Casting: Infusion
Confirm with . or Enter, or press ? or * to list all spells.
You miscast Infusion.
You are very lightly contaminated with residual magic.
Waves of light ripple over your body. The gnoll hits you with a flail!
You die...

#......... #........# ####...
.........# #...... .........#
..#...... .........## .........
....).g...# .........
########@...# .........
#######...........# .........
#....##.........).### #........
#....##.............. .........
#.................... .........
#..............................
###.....(.....####........##.....
.....#........####...#...###.....
.....#...............#...........


You could see a gnoll.

Vanquished Creatures
  2 giant cockroaches (D:1)
  2 goblins (D:1)
  2 bats (D:1)
  2 kobolds (D:1)
  3 rats (D:1)
11 creatures vanquished.

Notes
Turn   | Place    | Note
-------+----------+-------------------------------------------
     0 | D:1      | roguesci the Demonspawn Skald began the quest for the Orb.
     0 | D:1      | Reached XP level 1. HP: 16/16 MP: 3/3
   142 | D:1      | Reached skill level 1 in Armour
   144 | D:1      | Gained mutation: You are slightly more attuned to the shadows. [demonic ancestry]
   144 | D:1      | Reached XP level 2. HP: 22/22 MP: 0/5
   250 | D:1      | Slain by a gnoll

Skill      XL: |  1 |
---------------+----+-----
Armour         | 1 |  1.0
Fighting       | |  2.1
Maces & Flails | |  1.9
Dodging        | |  1.9
Stealth        | |  0.2
Spellcasting   | |  2.1
Charms         | |  2.7

Action                   || total
-------------------------++-------
Melee: Mace              ||    23
 Cast: Infusion          ||     2
 Stab: Sleeping          ||     1
Armor: Leather armour    ||    10
Dodge: Dodged            ||    24
